 Dungeon Crawl Stone Soup version 0.21-a0-509-gecc5317 (webtiles) character file.

1325 Atlas the Firebug (level 8, -2/59 HPs)
             Began as a Pale Draconian Fire Elementalist on Nov 29, 2017.
             Was an Initiate of Sif Muna.
             Slain by a black bear (10 damage)
             ... on level 7 of the Dungeon on Nov 30, 2017.
             The game lasted 00:10:41 (6033 turns).

Atlas the Firebug (DrFE)                            Turns: 6033, Time: 00:10:42

Health: -2/59      AC:  8    Str: 10 (11) XL:     8   Next: 34%
Magic:  12/16      EV: 16    Int: 18      God:    Sif Muna [......]
Gold:   187        SH:  0    Dex: 11      Spells: 4/17 levels left

rFire    . . .     SeeInvis .   (no weapon)
rCold    . . .     Gourm    +   (no shield)
rNeg     . . .     Faith    .   (armour unavailable)
rPois    .         Spirit   .   (helmet restricted)
rElec    .         Reflect  .   (no cloak)
rCorr    +         Harm     .   (no gloves)
MR       +....                  l - +0 pair of boots
Stlth    ++........             x - amulet of the gourmand
HPRegen  0.19/turn              s - +3 ring of evasion
MPRegen  0.15/turn              u - ring of resist corrosion

@: short of breath, very slightly contaminated
A: breathe steam, unfitting armour, talons 1, deterioration 1, magic resistance
1, shaggy fur 1, cold-blooded, AC +6
a: Breathe Steam, Renounce Religion


You were on level 7 of the Dungeon.
You worshipped Sif Muna.
Sif Muna was noncommittal.
You were full.

You visited 1 branch of the dungeon, and saw 7 of its levels.

You collected 187 gold pieces.

Inventory:

Armour
 l - a +0 pair of boots (worn)
Jewellery
 s - a +3 ring of evasion (left hand)
 u - a ring of resist corrosion (right hand)
 x - an amulet of the gourmand (around neck)
Wands
 m - a wand of random effects (27)
 y - a wand of scattershot (4)
Scrolls
 d - a scroll of magic mapping {unknown}
 e - 2 scrolls of random uselessness {unknown}
 j - 8 scrolls of identify {unknown}
 k - 3 scrolls of teleportation {unknown}
 n - 2 scrolls of fear {unknown}
 o - a scroll of enchant weapon {unknown}
 p - 2 scrolls of blinking {unknown}
 w - a scroll of summoning {unknown}
 z - a scroll of remove curse {unknown}
 A - a scroll of fog {unknown}
Potions
 g - 2 potions of brilliance
 i - 2 potions of curing
 q - a potion of degeneration {unknown}
 r - a potion of mutation
 t - a potion of invisibility {unknown}
Books
 a - a book of Flames

   Spells                             Type                      Level
   a - Flame Tongue                   Conjuration/Fire             1
   b - Throw Flame                    Conjuration/Fire             2
   c - Conjure Flame                  Conjuration/Fire             3
   d - Inner Flame                    Hexes/Fire                   3
   e - Sticky Flame                   Conjuration/Fire             4
   f - Fireball                       Conjuration/Fire             5
Comestibles
 b - 7 bread rations
 c - 2 royal jellies
 f - 4 meat rations
 v - 3 fruits


   Skills:
 + Level 1.4 Fighting
 + Level 3.5 Dodging
 - Level 1.7 Stealth
 + Level 5.4 Spellcasting
 + Level 5.1 Conjurations
 + Level 6.9 Fire Magic
 + Level 0.5 Evocations


You had 4 spell levels left.
You knew the following spells:

 Your Spells              Type           Power        Failure   Level  Hunger
a - Flame Tongue          Conj/Fire      ####.        1%          1    None
b - Throw Flame           Conj/Fire      ####..       1%          2    #......
c - Conjure Flame         Conj/Fire      ####....     3%          3    ##.....
d - Sticky Flame          Conj/Fire      ####....     11%         4    ####...
e - Inner Flame           Hex/Fire       ###.....     9%          3    ##.....


Dungeon Overview and Level Annotations

Branches:
Dungeon (7/15)             Temple (0/1) D:6

Altars:
Cheibriados
Dithmenos
Elyvilon
Nemelex Xobeh
Okawaru
Sif Muna
Wu Jian
Xom
Yredelemnul
The Shining One

Shops:
D:5 %


Innate Abilities, Weirdness & Mutations

You can breathe blasts of scalding, opaque steam.
Your pale cyan-grey scales are hard. (AC +6)
You cannot fit into any form of body armour.
You are cold-blooded and may be slowed by cold attacks.
You have sharp toenails.
Your body sometimes deteriorates upon taking damage.
You are resistant to hostile enchantments. (MR+)
You are covered in fur. (AC +1)


Message History

The black bear claws you.
The black bear claws you but does no damage.
The hungry ghost misses you. The quokka closely misses you.
The black bear bites you!
* * * LOW HITPOINT WARNING * * *
The black bear barely misses you. The black bear completely misses you.
The ice beast completely misses you. The hungry ghost hits you.
* * * LOW HITPOINT WARNING * * *
The quokka closely misses you.
Okay, then.
Okay, then.
Unknown command.
As you read the scroll labeled POWODE JOEMP, it crumbles to dust.
It is a scroll of amnesia.
Forget which spell ([?*] list [ESC] exit)?
Forget which spell ([?*] list [ESC] exit)?
Okay, then.
You feel yourself speed up. The black bear bites you!
You die...

. ..#######
#.......##
..8...8..##
..........#
....8.h...#
.<....r@..#
....8.WY..#
..........#
..8...8..##
#.......##
#..#..###
......
#..##.


You could see a hungry ghost, a black bear (berserk), an ice beast and a quokka.

Vanquished Creatures
  Prince Ribbit (D:5)
  A phantom (D:5)
  An ogre (D:5)
  A centaur (D:5)
  A bullfrog (D:6)
  A scorpion (D:4)
  2 crimson imps (D:6)
  3 hounds
  A centaur zombie (D:6)
  A bullfrog skeleton (D:5)
  5 orc wizards
  2 orc priests (D:5)
  An iguana (D:5)
  2 worker ants
  3 gnolls (D:4)
  12 adders
  An adder skeleton (D:6)
  2 worms
  5 dart slugs
  7 leopard geckos
  26 orcs
  8 bats
  3 giant cockroaches
  2 gnoll zombies (D:5)
  4 hobgoblins
  A jackal (D:2)
  7 kobolds
  2 quokkas
  3 ball pythons
  2 frilled lizards
  9 goblins
  10 rats
130 creatures vanquished.

Notes
Turn   | Place    | Note
-------+----------+-------------------------------------------
     0 | D:1      | Atlas the Draconian Fire Elementalist began the quest for the Orb.
     0 | D:1      | Reached XP level 1. HP: 14/14 MP: 3/3
   650 | D:1      | Reached XP level 2. HP: 20/20 MP: 1/5
  1108 | D:2      | Reached XP level 3. HP: 27/27 MP: 2/6
  1209 | D:2      | Found an ornate altar of the Wu Jian Council.
  1761 | D:2      | Reached skill level 4 in Fire Magic
  2122 | D:3      | Reached XP level 4. HP: 25/34 MP: 3/7
  2249 | D:3      | Learned a level 2 spell: Throw Flame
  2253 | D:3      | Learned a level 3 spell: Conjure Flame
  2542 | D:3      | Reached XP level 5. HP: 35/39 MP: 3/9
  3179 | D:3      | Gained mutation: Your body sometimes deteriorates upon taking damage. [potion of mutation]
  3179 | D:3      | Gained mutation: You have sharp toenails. [potion of mutation]
  3179 | D:3      | Gained mutation: You are covered in fur. (AC +1) [potion of mutation]
  3179 | D:3      | Gained mutation: You are resistant to hostile enchantments. (MR+) [potion of mutation]
  3425 | D:4      | Reached XP level 6. HP: 46/46 MP: 7/11
  3427 | D:4      | Found a shimmering altar of Xom.
  3827 | D:4      | Found a sparkling altar of Nemelex Xobeh.
  3839 | D:4      | Found a shadowy altar of Dithmenos.
  3840 | D:4      | Found a deep blue altar of Sif Muna.
  3864 | D:4      | Reached skill level 1 in Fighting
  4107 | D:5      | Entered Level 5 of the Dungeon
  4236 | D:5      | Reached skill level 5 in Fire Magic
  4236 | D:5      | Your scales start taking on a pale cyan-grey colour.
  4236 | D:5      | Reached XP level 7. HP: 37/52 MP: 7/13
  4463 | D:5      | Noticed Prince Ribbit
  4469 | D:5      | Killed Prince Ribbit
  4497 | D:5      | Found an iron altar of Okawaru.
  4497 | D:5      | Found a sparkling altar of Nemelex Xobeh.
  4519 | D:4      | Became a worshipper of Sif Muna the Loreminder
  4587 | D:5      | Reached skill level 6 in Fire Magic
  4627 | D:5      | Learned a level 3 spell: Inner Flame
  4632 | D:5      | Learned a level 4 spell: Sticky Flame
  4634 | D:5      | Found a basalt altar of Yredelemnul.
  4852 | D:5      | Found a snail-covered altar of Cheibriados.
  4896 | D:5      | Found Zayrig's Food Shop.
  4905 | D:5      | Reached skill level 5 in Spellcasting
  4905 | D:5      | Reached XP level 8. HP: 59/59 MP: 10/15
  5115 | D:6      | Found a glowing golden altar of the Shining One.
  5472 | D:6      | Found a white marble altar of Elyvilon.
  5545 | D:6      | Found a staircase to the Ecumenical Temple.
  5592 | D:6      | Reached skill level 5 in Conjurations
  6033 | D:7      | Slain by a black bear

Vault maps used:
D:1:      tarquinn_simple_flora_water_a, minmay_octomino_e4
D:2:      lemuel_doored_altar, kennysheep_crisscross, serial_bayou_pond_b,
          hangedman_feature_mirror
D:3:      first_bread
D:4:      xom_butterflies, nicolae_overflow_hidden_temple,
          nemelex_diamond_rough_becter
D:5:      lemuel_zombie_altar_yredelemnul, overflow_temple_1_default,
          gammafunk_temple_overflow_wave, serial_shops, shop,
          guppyfry_early_lair_pool, uniq_prince_ribbit1
D:6:      tso_metal_star, elyvilon_altar_4, minmay_temple_entry_butterflies
D:7:      wad_guarded_room, grunt_ministairs_10, makhleb_blood_cavern_becter,
          uniq_joseph, uniq_crazy_yiuf_cottage

Skill      XL: |  1  2  3  4  5  6  7  8 |
---------------+-------------------------+-----
Dodging        | 2 3 |  3.5
Fire Magic     | 4 5 6 |  6.9
Conjurations   | 2 3 4 5 |  5.1
Spellcasting   | 3 4 5 |  5.4
Fighting       | 1 |  1.4
Stealth        | |  1.7
Evocations     | |  0.5

Action                   |  1- 3 |  4- 6 |  7- 9 || total
-------------------------+-------+-------+-------++-------
Melee: Unarmed           |    57 |    25 |    77 ||   159
       Tailslap          |     5 |     1 |     6 ||    12
       Kick              |       |     2 |     1 ||     3
 Cast: Flame Tongue      |    70 |   113 |    78 ||   261
       Sticky Flame      |       |       |     1 ||     1
 Abil: Breathe Steam     |       |       |     6 ||     6
Evoke: Wand              |       |       |     9 ||     9
  Use: Potion            |       |     5 |       ||     5
       Scroll            |       |       |     1 ||     1
  Eat: Chunk             |     4 |     6 |    18 ||    28
       Royal jelly       |     1 |       |       ||     1
Armor: Skin              |    39 |    13 |    34 ||    86
Dodge: Dodged            |    74 |    80 |    89 ||   243

Table legend:
 A = Spawn XP
 B = Non-spawn XP
 C = Spawn XP percentage of total XP
 D = Spawn monster count
 E = Non-spawn monster count
 F = Spawn count percentage of total count
 G = Total turns spent on level
                    A         B        C        D         E        F      G
               +---------+---------+-------+---------+---------+-------+---------
         Total |       0 |    1893 |   0.0 |       0 |     130 |   0.0 |  6033
               +---------+---------+-------+---------+---------+-------+---------
           D:1 |       0 |      20 |   0.0 |       0 |      12 |   0.0 |   995
           D:2 |       0 |      75 |   0.0 |       0 |      32 |   0.0 |  1072
           D:3 |       0 |     162 |   0.0 |       0 |      25 |   0.0 |  1427
           D:4 |       0 |     327 |   0.0 |       0 |      17 |   0.0 |   633
           D:5 |       0 |     903 |   0.0 |       0 |      25 |   0.0 |   951
           D:6 |       0 |     406 |   0.0 |       0 |      19 |   0.0 |   948
               +---------+---------+-------+---------+---------+-------+---------
